 Dungeon Crawl Stone Soup version 0.17-a0-1-g1f4be75 (webtiles) character file.

114 McCoppin the Cudgeler (level 4, -2/35 HPs)
             Began as a Demonspawn Fighter on Mar 7, 2015.
             Slain by Gronka's ghost (13 damage)
             ... on level 3 of the Dungeon.
             The game lasted 00:07:57 (2108 turns).

McCoppin the Cudgeler (Demonspawn Fighter)          Turns: 2108, Time: 00:07:58

Health: -2/35      AC: 11    Str: 18    XL:     4   Next: 67%
Magic:  4/4        EV:  8    Int:  9    God:
Gold:   97         SH:  9    Dex: 12    Spells: 0 memorised, 3 levels left

rFire  . . .     SeeInvis .     a - +1 flail
rCold  . . .     Clarity  .     m - +3 leather armour
rNeg   . . .     SustAb   +     c - +1 shield
rPois  .         Gourm    .     q - +0 helmet
rElec  .         Spirit   .     (no cloak)
rCorr  .         Warding  .     (no gloves)
rMut   .         Stasis   .     (no boots)
MR     .....                    (no amulet)
Stlth  +.........               (no ring)
                                r - ring of sustain abilities

@: not resistant to hostile enchantments, very unstealthy
A: claws 1, iridescent scales 1
a: no special abilities


You were on level 3 of the Dungeon.
You were not hungry.

You visited 1 branch of the dungeon, and saw 3 of its levels.

You collected 97 gold pieces.

Inventory:

Hand weapons
 a - a +1 flail (weapon)
Armour
 b - a +0 scale mail
 c - a +1 shield (worn)
 m - a +3 leather armour (worn)
 q - a +0 helmet (worn)
Jewellery
 r - a ring of sustain abilities (left claw)
Scrolls
 f - a scroll of fear
 g - 2 scrolls of remove curse
 k - 6 scrolls of noise {unknown}
Potions
 e - a potion of might
 h - 2 potions of degeneration {unknown}
 i - 3 potions of curing {unknown}
 j - 2 potions of agility {unknown}
 o - a potion of brilliance
 t - a potion of decay
Comestibles
 d - a bread ration
 l - 3 fruits
 n - 2 slices of pizza
 w - a beef jerky


   Skills:
 - Level 3.0 Fighting
 + Level 4.5 Maces & Flails
 - Level 2.6 Armour
 - Level 2.6 Shields


You had 3 spell levels left.
You didn't know any spells.

Dungeon Overview and Level Annotations

Branches:
Dungeon (3/15)

Altars:
Makhleb

Annotations:
D:3 Gronka's ghost, average HuFi


Innate Abilities, Weirdness & Mutations

You have sharp fingernails.
You are partially covered in iridescent scales (AC +4).


Message History

You hit the kobold.
You kill the kobold!
Gronka's ghost hits you. You block Gronka's ghost's attack.
You barely miss Gronka's ghost. You block Gronka's ghost's attack.
Things that are here:
a short sword; a kobold corpse
Found a bread ration.
Gronka's ghost wails.
There is an escape hatch in the ceiling here.
You hit Gronka's ghost but do no damage.
Gronka's ghost barely misses you.
You barely miss Gronka's ghost. Gronka's ghost closely misses you.
Gronka's ghost barely misses you.
You closely miss Gronka's ghost.
Gronka's ghost hits you but does no damage.
You hit Gronka's ghost but do no damage.
Gronka's ghost hits you!
You closely miss Gronka's ghost. Gronka's ghost hits you!
You barely miss Gronka's ghost. Gronka's ghost hits you!
You die...

##....# #%# *,**,,,.... ####.#
#.#******,******#.. ##.##
#..,,,,,,,* *#. #...# #.#********
#. #...# #.# ********* #. #...#
##.## *,,,,,,,* ##
####...#######...## *,,,,,,,*
..)........##...>.#***,,,,,,,****
.((........)...W@.#,,,,,,,,,,**,,
..†........##.....#,**,,,,,,,**,*
####...#######...##,**,,,,,,,**,*
**#...#** *##..#*,**,,,,,,,**,*
*.......# *,.....,,,*********,*
#.#...#.# *.#..##.,,,,,,* ***,*
#.#..##.# *.#..#*,*,***,* *,,,,
##....#*,# #,#...,,*,***,* *,*,,
...#.##*,* *,#...,,,,,**,* *,,,*


You could see Gronka's ghost.

Vanquished Creatures
  2 adders (D:3)
  2 giant mites
  2 worms (D:3)
  2 orcs (D:3)
  12 goblins
  6 hobgoblins
  10 jackals
  4 kobolds
  A quokka (D:2)
  2 ball pythons
  8 bats
  4 giant cockroaches
  3 giant geckos (D:2)
  4 giant newts
  6 rats
68 creatures vanquished.

Notes
Turn   | Place    | Note
--------------------------------------------------------------
     0 | D:1      | McCoppin, the Demonspawn Fighter, began the quest for the Orb.
     0 | D:1      | Reached XP level 1. HP: 18/18 MP: 1/1
   205 | D:1      | Gained mutation: You are partially covered in iridescent scales (AC +4). [demonic ancestry]
   205 | D:1      | Reached XP level 2. HP: 17/24 MP: 2/2
   944 | D:2      | Gained mutation: You have sharp fingernails. [demonic ancestry]
   944 | D:2      | Reached XP level 3. HP: 27/29 MP: 3/3
  1554 | D:3      | Noticed Gronka's ghost (average HuFi)
  1795 | D:3      | Reached skill level 4 in Maces & Flails
  1795 | D:3      | Reached XP level 4. HP: 28/35 MP: 4/4
  2071 | D:3      | Found a burning altar of Makhleb.
  2108 | D:3      | Slain by Gronka's ghost

Action                   |  1- 3 |  4- 6 || total
-------------------------+-------+-------++-------
Melee: Flail             |   219 |    62 ||   281
  Use: Scroll            |     9 |     1 ||    10
       Potion            |       |     1 ||     1
 Stab: Invisible         |       |     1 ||     1
       Sleeping          |       |     1 ||     1
  Eat: Bread ration      |     1 |       ||     1
       Chunk             |     1 |       ||     1
